 Dungeon Crawl Stone Soup version 0.18.1-50-g88ac8fd (webtiles) character file.

177 Kirkhe the Skirmisher (level 5, 11/42 HPs)
             Began as a Demonspawn Fighter on Oct 12, 2016.
             Quit the game on level 2 of the Dungeon.
             The game lasted 00:02:02 (951 turns).

Kirkhe the Skirmisher (Demonspawn Fighter)           Turns: 951, Time: 00:02:02

Health: 11/42      AC:  8    Str: 18      XL:     5   Next: 31%
Magic:  5/5        EV:  9    Int:  6 (9)  God:
Gold:   48         SH:  2    Dex: 12 (14) Spells: 0 memorised, 4 levels left

rFire  . . .     SeeInvis .     a - +0 war axe
rCold  . . .     Gourm    .     b - +1 scale mail
rNeg   . . .     Faith    .     (no shield)
rPois  .         Spirit   .     (no helmet)
rElec  .         Dismiss  .     (no cloak)
rCorr  .         Reflect  +     (no gloves)
SustAt .         Harm     .     (no boots)
MR     .....                    o - +2 amulet of reflection
Stlth  ..........               (no ring)
                                (no ring)

@: very slightly contaminated, invisible, not resistant to hostile enchantments,
extremely unstealthy
A: thin skeletal structure 1, demonic guardian 1
a: no special abilities


You were on level 2 of the Dungeon.
You were not hungry.

You visited 1 branch of the dungeon, and saw 2 of its levels.

You collected 48 gold pieces.

Inventory:

Hand Weapons
 a - a +0 war axe (weapon)
Armour
 b - a +1 scale mail (worn)
 c - a +0 shield
Jewellery
 o - a +2 amulet of reflection (around neck)
Wands
 e - a wand of flame (29/48)
Potions
 d - a potion of might
 i - a potion of degeneration
Comestibles
 f - a bread ration
 h - a meat ration
 n - 3 chunks of flesh


   Skills:
 + Level 4.2 Fighting
 + Level 3.0 Axes
 + Level 4.0 Armour
 - Level 2.6 Shields


You had 4 spell levels left.
You didn't know any spells.

Dungeon Overview and Level Annotations

Branches:
Dungeon (2/15)

Altars:


Innate Abilities, Weirdness & Mutations

You have a somewhat thin skeletal structure (Dex +2, Stealth).
A weak demonic guardian rushes to your aid.


Message History

Sigmund is almost dead.
Sigmund hits you with a scythe.
You barely miss Sigmund.
Sigmund is almost dead.
You strike the helpless Sigmund from behind!
You hit Sigmund but do no damage.
Sigmund is almost dead.
Sigmund hits you from afar with a scythe!
* * * LOW HITPOINT WARNING * * *
You hit Sigmund.
You kill Sigmund!
Your Fighting skill increases to level 4!
Your Axes skill increases to level 3!
Your Armour skill increases to level 4!
You have reached level 4!
You feel stronger.
You have reached level 5!
Your demonic ancestry asserts itself...
Your bones become slightly less dense.
You feel your strength returning.
You feel your dexterity returning.
Are you sure you want to abandon this character and quit the game? (Confirm with "yes".)

## #...# #...#.#
## # ##...#
#####.# .. #
##.... #.# .# #
#...# ##.##..# .
...# #......# #
..########.†###.#
.##............#
.....#.#)#.#####
#..@....#
##.#†#.##
#.......#
##.#.#.##
#.....>.#
##.#.#.## #.#####
#.# #.#


There were no monsters in sight!

Vanquished Creatures
  Sigmund (D:2)
  Robin (D:2)
  A giant gecko (D:2)
  3 giant cockroaches
  7 goblins
  2 hobgoblins (D:2)
  A kobold (D:1)
  2 bats
  2 giant newts (D:1)
  3 rats (D:1)
23 creatures vanquished.

Notes
Turn   | Place    | Note
--------------------------------------------------------------
     0 | D:1      | Kirkhe the Demonspawn Fighter began the quest for the Orb.
     0 | D:1      | Reached XP level 1. HP: 18/18 MP: 1/1
     7 | D:1      | Noticed a tengu
     7 | D:1      | Noticed an elf
     9 | D:1      | Noticed a ghoul
     9 | D:1      | Noticed an ogre
    11 | D:1      | Noticed a gargoyle
    13 | D:1      | Noticed a draconian
    15 | D:1      | Noticed a spriggan
    15 | D:1      | Noticed a demonspawn
    17 | D:1      | Noticed a felid
    19 | D:1      | Noticed a human
    19 | D:1      | Noticed a halfling
    21 | D:1      | Noticed an octopode
    21 | D:1      | Noticed a naga
    23 | D:1      | Noticed a vampire
    25 | D:1      | Noticed a formicid
    25 | D:1      | Noticed a troll
    27 | D:1      | Noticed a minotaur
    27 | D:1      | Noticed a demigod
    29 | D:1      | Noticed a merfolk
    29 | D:1      | Noticed a vine stalker
    31 | D:1      | Noticed a dwarf
    31 | D:1      | Noticed a centaur
   193 | D:1      | Gained mutation: A weak demonic guardian rushes to your aid. [demonic ancestry]
   193 | D:1      | Reached XP level 2. HP: 24/24 MP: 2/2
   823 | D:2      | Noticed Robin
   834 | D:2      | Killed Robin
   834 | D:2      | Reached XP level 3. HP: 23/29 MP: 3/3
   923 | D:2      | Noticed Sigmund
   950 | D:2      | Killed Sigmund
   950 | D:2      | Reached XP level 4. HP: 10/37 MP: 4/4
   950 | D:2      | Gained mutation: You have a somewhat thin skeletal structure (Dex +2, Stealth). [demonic ancestry]
   950 | D:2      | Reached XP level 5. HP: 11/42 MP: 5/5
   951 | D:2      | Quit the game

Skill      XL: |  1  2  3 |
---------------+----------+-----
Armour         | 3 4 |  4.0
Axes           | 3 |  3.0
Fighting       | 4 |  4.2
Shields        | |  2.6

Action                   |  1- 3 |  4- 6 || total
-------------------------+-------+-------++-------
Melee: War axe           |    85 |       ||    85
  Use: Scroll            |     4 |       ||     4
       Potion            |     2 |       ||     2
 Stab: Invisible         |     2 |       ||     2
Armor: Scale mail        |    36 |       ||    36
Dodge: Dodged            |    54 |       ||    54
Block: Other             |     3 |       ||     3
